groovejumper, neutral female human Wizard ------ --------- |<...| ........| #-....| |.......| ###|....| -.......|#####.....| |.......|### ------ +.......|# ----@----# Z###### # groovejumper the Conjurer Experience level: 5 Strength: 11 Dexterity: 12 Constitution: 17 Intelligence: 18 Wisdom: 10 Charisma: 8 Health: 0(38) Energy: 29(44) AC: 9 Gold: 491 Moves: 1950 Your Inventory: Coins $ - 491 gold pieces Weapons a - a blessed +1 quarterstaff (weapon in hands) Armor b - an uncursed +0 cloak of magic resistance (being worn) B - an [uncursed] thoroughly rotted [+0] leather hat [elven leather helm] C - an [uncursed] rotted [+0] pair of hiking boots [elven] D - an [uncursed] thoroughly rusty [+0] red-eyed shield [of drain resistance and searching (orcish)] Scrolls i - 2 uncursed scrolls of light j - an uncursed scroll of earth k - an uncursed scroll of scare monster o - a [blessed] scroll of light r - an [uncursed] scroll labeled LOREN IPSUM [of enchant weapon] y - an [uncursed] scroll labeled XIXAXA XOXAXA XUXAXA [of gold detection] Spellbooks l - a blessed spellbook of force bolt m - an uncursed spellbook of cure blindness w - an [uncursed] spellbook of detect food z - an [uncursed] spellbook of force bolt Potions f - an uncursed clear potion [of water] g - an uncursed potion of see invisible h - an uncursed potion of restore ability t - a [cursed] clear potion [of unholy water] x - an [uncursed] emerald potion [of invisibility] A - an [uncursed] puce potion [of sleeping] Rings d - a blessed +1 ring of adornment e - an uncursed ring of poison resistance q - a [blessed +2] jet ring [of gain dexterity] u - a [cursed] tiger eye ring [of teleportation] Wands c - an uncursed wand of secret door detection (0:12) Tools n - an uncursed blindfold s - an [uncursed] tinning kit [0:55] Spells known in the end: Name Level Category Fail Memory a - force bolt 1 attack 0% [||||||||] b - cure blindness 2 healing 53% [||||||||] c - detect food 2 divination 53% [||||||||] Your skills at the end: Fighting Skills Weapon Skills quarterstaff [Basic / Expert] Spellcasting Skills attack spells [Basic / Expert] enchantment spells [Basic / Skilled] Final Attributes: You had transgressed. Hunger level was 930. Your alignment was -9 / 19. Monster difficulty range was 0 - 5. Level difficulty was 5. You were magic-protected. You were telepathic. Your luck was zero. You are dead. Vanquished creatures: a yeti a rock piercer 2 floating eyes a kitten 3 dwarf zombies 2 iguanas a hobbit a jackal a kobold 3 goblins 4 grid bugs a bat 2 lichens a kobold zombie 5 newts 29 creatures vanquished. Voluntary challenges: You used a wielded weapon 22 times. You read items or engraved 1 time. You put on armor 1 time. You never genocided any monsters. You never polymorphed an object. You never changed form. You used no wishes. You never wrote Elbereth's name. You encountered 1 bones level. You never used any Sokoban shortcuts. Dungeon overview: The Dungeons of Doom: levels 1 to 5 Level 1 a long staircase Level 2 stairs to The Gnomish Mines Level 4 a fountain Level 9 <- You were here The Gnomish Mines: Level 3 stairs to The Dungeons of Doom History has recorded: On T:1 you entered the Dungeons of Doom to retrieve the Amulet of Yendor! On T:318 you advanced to experience level 2. On T:493 you reached level 2 of The Dungeons of Doom. On T:565 you reached level 1 of The Gnomish Mines. On T:854 you reached level 3 of The Dungeons of Doom. On T:886 you advanced to experience level 3. On T:891 you advanced to experience level 4. On T:1522 you reached level 4 of The Dungeons of Doom. On T:1650 you advanced to experience level 5. On T:1905 you reached level 5 of The Dungeons of Doom. Latest messages: You kill it! You hear the rumble of distant thunder... The yeti hits! (2x) The yeti bites! [HP-9=18] The spell hits the yeti! You kill the yeti! There is a doorway here. You see here a yeti corpse. [HP+1=19] Blecch! Rotten food! The world spins and goes dark. The ettin zombie hits! (2x) [HP-9=10] The ettin zombie hits! (2x) [HP-6=4] The ettin zombie hits! You die... Final status: Goodbye groovejumper the Wizard... You died in The Dungeons of Doom on dungeon level 5 with 1510 points, and 491 pieces of gold, after 1950 moves. You were level 5 with a maximum of 38 hit points when you died.